 Dungeon Crawl Stone Soup version 0.26-a0-664-gc8b27b8fc1 (webtiles) character file.

Game seed: 4272296350647657757

766 PentaManta the Slinger (level 7, -3/33 HPs)
             Began as a Spriggan Hunter on Oct 13, 2020.
             Was a Believer of Okawaru.
             Slain by a centaur (10 damage)
             ... on level 5 of the Dungeon.
             The game lasted 00:14:23 (4346 turns).

PentaManta the Slinger (Spriggan Hunter)            Turns: 4346, Time: 00:14:23

Health: -3/33      AC:  0    Str: 12    XL:     7   Next: 52%
Magic:  8/8        EV: 18    Int: 12    God:    Okawaru [**....]
Gold:   256        SH:  0    Dex: 19    Spells: 6/6 levels left

rFire    . . .     SeeInvis +   s - +2 dagger (elec)
rCold    . . .     Faith    .   (shield restricted)
rNeg     . . .     Spirit   .   x - +0 robe "Guesij" {Str+4} (curse)
rPois    .         Reflect  .   (helmet restricted)
rElec    .         Harm     .   m - +1 cloak
rCorr    .         Rampage  .   (gloves unavailable)
MR       ++...                  (boots unavailable)
Stlth    ++........             (no amulet)
HPRegen  0.11/turn              c - -4 ring of protection (curse)
MPRegen  0.11/turn              j - ring of protection from magic

@: very quick
A: very small, unfitting armour, see invisible, speed 3
a: Heroism, Renounce Religion


You were on level 5 of the Dungeon.
You worshipped Okawaru.
Okawaru was pleased with you.
You visited 1 branch of the dungeon, and saw 5 of its levels.

You collected 256 gold pieces.

Inventory:

Hand Weapons
 a - a +2 hunting sling
 b - a +0 short sword
 p - a +0 dagger of venom
 s - a +2 dagger of electrocution (weapon)
Missiles
 d - 37 poisoned darts (quivered)
 h - 116 stones
 t - 49 sling bullets
Armour
 i - a scarf of shadows
 m - a +1 cloak (worn)
 x - the cursed +0 robe "Guesij" (worn) {Str+4}
   (You found it on level 4 of the Dungeon)

   It affects your strength (+4).
   It has a curse placed upon it.
Jewellery
 c - a cursed -4 ring of protection (left hand)
 f - a +6 ring of intelligence
 j - a ring of protection from magic (right hand)
Wands
 u - a wand of paralysis (8)
Scrolls
 e - 3 scrolls of teleportation
 g - 3 scrolls of identify
 q - a scroll of enchant armour
Potions
 k - 2 potions of stabbing {unknown}
 l - 2 potions of curing
 n - a potion of haste {unknown}
 o - a potion of cancellation
 r - a potion of berserk rage {unknown}
 v - 2 potions of magic {unknown}
 w - a potion of heal wounds


   Skills:
 - Level 1.5 Fighting
 + Level 11.0 Slings
 - Level 3.0 Dodging
 - Level 1.5 Stealth


You had 6 spell levels left.
You didn't know any spells.
Your spell library was empty.

Dungeon Overview and Level Annotations

Branches:
Dungeon (5/15)
 Temple: D:4-7

Altars:
Kikubaaqudgha
Makhleb
Okawaru
Trog
Yredelemnul
Zin

Shops:
D:5 !


Innate Abilities, Weirdness & Mutations

You are very small and have problems with some larger weapons.
You are too small for most types of armour.
You have supernaturally acute eyesight. (SInv)
You cover ground extremely quickly.


Message History

The arrow barely misses you.
You shoot a stone. The stone hits the centaur.
The centaur is moderately wounded.
The centaur shoots an arrow.
The arrow hits you!
You shoot a stone. The stone hits the centaur.
The centaur is moderately wounded.
The centaur shoots an arrow.
The arrow hits you!
* * * LOW HITPOINT WARNING * * *
The centaur shoots an arrow.
The arrow closely misses you.
You see here an arrow.
You hear the crackle of electricity.
s - a +2 dagger of electrocution (weapon)
You start resting.
A centaur is nearby!
The centaur unwields a +0 shortbow.
The centaur hits you.
* * * LOW HITPOINT WARNING * * *
You hit the centaur but do no damage.
The centaur is moderately wounded.
The centaur hits you!
You die...

...... ...... ......
...... ...... ......
###+### ...... +.....#
...... #...@.+ ......
#..c### ......
##+##...################.
#......((......#....# #.
#.......(../...#....# #.
#..............#....# +.
#..............#....# #.
#..##..###....##..### ##.
##..#######....##..#####..


You could see a centaur.

Vanquished Creatures
  Sigmund (D:4)
  An ogre (D:5)
  A big kobold (D:3)
  A howler monkey (D:4)
  A hound (D:5)
  4 orc wizards (D:4)
  A centaur skeleton (D:4)
  An iguana (D:4)
  A worker ant (D:4)
  A hound skeleton (D:4)
  5 adders
  5 worms
  13 dart slugs
  3 leopard geckos
  9 orcs
  6 giant cockroaches
  8 goblins
  11 hobgoblins
  12 jackals
  5 quokkas
  A ball python (D:1)
  5 bats
  8 frilled lizards
  A jackal skeleton (D:4)
  11 kobolds
  7 rats
123 creatures vanquished.

Notes
Turn   | Place    | Note
-------+----------+-------------------------------------------
     0 | D:1      | PentaManta the Spriggan Hunter began the quest for the Orb.
     0 | D:1      | Reached XP level 1. HP: 10/10 MP: 2/2
     8 | D:1      | Reached skill level 5 in Slings
    10 | D:1      | Noticed a worker ant
    10 | D:1      | Noticed a swamp worm
    10 | D:1      | Noticed a wyvern
    10 | D:1      | Noticed a black bear
    10 | D:1      | Noticed an anaconda
   174 | D:1      | Reached XP level 2. HP: 14/14 MP: 3/3
   345 | D:1      | Reached skill level 6 in Slings
   389 | D:1      | Reached XP level 3. HP: 18/18 MP: 4/4
  1287 | D:2      | Reached XP level 4. HP: 22/22 MP: 5/5
  1775 | D:3      | Reached skill level 7 in Slings
  1857 | D:3      | Found an iron altar of Okawaru.
  1857 | D:3      | Found a burning altar of Makhleb.
  1869 | D:3      | Noticed a big kobold
  1897 | D:3      | Killed a big kobold
  1897 | D:3      | Reached XP level 5. HP: 16/25 MP: 6/6
  2023 | D:3      | Became a worshipper of Warmaster Okawaru
  2118 | D:3      | Reached skill level 8 in Slings
  2427 | D:3      | Found a glowing silver altar of Zin.
  2427 | D:3      | Found an ancient bone altar of Kikubaaqudgha.
  2435 | D:3      | Found a basalt altar of Yredelemnul.
  2437 | D:3      | Found a bloodstained altar of Trog.
  2439 | D:3      | Found a faded altar of an unknown god.
  3005 | D:4      | Reached XP level 6. HP: 30/30 MP: 7/7
  3310 | D:4      | Reached skill level 9 in Slings
  3370 | D:4      | Reached * piety under Okawaru
  3656 | D:4      | Noticed Sigmund
  3671 | D:4      | Killed Sigmund
  3671 | D:4      | Reached skill level 10 in Slings
  3671 | D:4      | Reached XP level 7. HP: 33/33 MP: 8/8
  3752 | D:4      | Got a ripped robe
  3779 | D:4      | Identified the cursed +0 robe "Guesij" {Str+4} (You found
                  | it on level 4 of the Dungeon)
  4022 | D:5      | Entered Level 5 of the Dungeon
  4049 | D:5      | Reached ** piety under Okawaru
  4099 | D:5      | Reached skill level 11 in Slings
  4218 | D:5      | Found Zedacsye's Distillery.
  4346 | D:5      | Slain by a centaur

Illustrated notes

Levels and vault maps discovered:
D:1:      onia_arrival_zoo_common, layout_rooms
D:2:      layout_loops_cross
D:3:      cheibrodos_thug_alley, layout_loops_ring,
          chequers_temple_overflow_minitemple,
          gammafunk_temple_overflow_elements
D:4:      kennysheep_slugbush, layout_cave_pools, uniq_sigmund
D:5:      layout_gridville, serial_shops, kennysheep_little_box

Skill      XL: |  1  2  3  4  5  6  7 |
---------------+----------------------+-----
Slings         | 5 6 7 8 10 11 | 11.0
Fighting       | |  1.5
Dodging        | |  3.0
Stealth        | |  1.5

Action                   |  1- 3 |  4- 6 |  7- 9 || total
-------------------------+-------+-------+-------++-------
Melee: Short sword       |    14 |       |       ||    14
       Dagger            |       |       |     1 ||     1
 Fire: Hunting sling     |   134 |   291 |    56 ||   481
Throw: Dart              |       |     3 |       ||     3
  Use: Potion            |       |     2 |       ||     2
       Scroll            |       |     6 |     2 ||     8
Armor: Robe              |     6 |    13 |       ||    19
Dodge: Dodged            |    65 |    70 |    14 ||   149

Table legend: (Time is in decaauts)
 A = Elapsed time spent in this place.
 B = Non-inter-level travel time spent in this place.
 C = Inter-level travel time spent in this place.
 D = Time resting spent in this place.
 E = Time spent auto-exploring this place.
 F = Levels seen in this place.
 G = Mean time per level.
                   A        B        C        D        E       F      G
               +--------+--------+--------+--------+--------+-----+--------+
         Total |   3247 |   3204 |     43 |    196 |   2204 |   5 |  649.4 |
       Dungeon |   3247 |   3204 |     43 |    196 |   2204 |   5 |  649.4 |
               +--------+--------+--------+--------+--------+-----+--------+

Top non-repeatable levels by time:
     D:3: 1112 daAuts
     D:2: 781 daAuts
     D:4: 770 daAuts
     D:1: 353 daAuts
     D:5: 228 daAuts
